 Dungeon Crawl Stone Soup version 0.28-a0-97-g102d6777a4 (webtiles) character file.

Game seed: 2856003628855181819

122383 jisko22 the Gelid (level 16, -2/119 HPs)
             Began as a White Draconian Ice Elementalist on Jan 21, 2021.
             Was a High Priest of Vehumet.
             Hit by a silver javelin thrown by a merfolk javelineer (4 damage)
             ... on level 4 of the Shoals on Aug 11, 2021.
             The game lasted 02:46:10 (39903 turns).

jisko22 the Gelid (DrIE)                           Turns: 39903, Time: 02:46:11

Health: -2/119     AC: 15    Str: 12    XL:     16   Next: 34%
Magic:  11/39      EV: 14    Int: 14    God:    Vehumet [*****.]
Gold:   1489       SH:  0    Dex: 14    Spells: 2/35 levels left

rFire   x . .      SeeInvis +   D - +7 mace "Zekamp" {spect, rCorr Str-2 Int-3 SInv}
rCold   + + .      Faith    .   (no shield)
rNeg    + . .      Spirit   .   (armour unavailable)
rPois   .          Reflect  .   (helmet restricted)
rElec   .          Harm     .   J - +2 cloak {Will+}
rCorr   +          Rampage  .   (no gloves)
Will    ++...                   I - +2 pair of boots of Laner {rN+ rCorr MP+9}
Stlth   ++........              H - amulet of magic regeneration
HPRegen 0.29/turn               o - ring of ice
MPRegen 0.51/turn               O - ring of wizardry

@: about to teleport, very slightly contaminated
A: breathe frost, AC +9, unfitting armour, cold resistance 1, cold-blooded,
antennae 1, sense surroundings 1, wild magic 2
a: Breathe Frost, Renounce Religion


You were on level 4 of the Shoals.
You worshipped Vehumet.
Vehumet was extremely pleased with you.
You visited 4 branches of the dungeon, and saw 26 of its levels.
You also visited: Ossuary.

You collected 2480 gold pieces.
You spent 991 gold pieces at shops.

Inventory:

Hand Weapons
 v - a +2 mace of holy wrath
 D - the +7 mace "Zekamp" (weapon) {spect, rCorr Str-2 Int-3 SInv}
   (You found it on level 4 of the Dungeon)

   When its wielder attacks, the weapon's spirit leaps out and strikes again.
   The spirit shares a part of any damage it takes with its wielder.
   Str:       It affects your strength (-2).
   Int:       It affects your intelligence (-3).
   SInv:      It lets you see invisible.
   rCorr:     It protects you from acid and corrosion.
 T - the +8 lance "Wyrmbane" {slay drac, rPois rF+ rC+ AC+3}
   (You found it on level 1 of the Lair of Beasts)

   It inflicts extra damage against dragons and draconians.
   AC:        It affects your AC (+3).
   rF:        It protects you from fire.
   rC:        It protects you from cold.
   rPois:     It protects you from poison.
Missiles
 s - 124 poisoned darts (quivered)
Armour
 I - the +2 pair of boots of Laner (worn) {rN+ rCorr MP+9}
   (You found it on level 5 of the Dungeon)

   rN:        It protects you from negative energy.
   MP:        It affects your magic capacity (+9).
   rCorr:     It protects you from acid and corrosion.
 J - a +2 cloak of willpower (worn)
Jewellery
 k - a +6 ring of intelligence
 o - a ring of ice (left hand)
 u - a +4 ring of slaying
 C - a ring of magical power
 H - an amulet of magic regeneration (around neck)
 M - a ring of flight
 O - a ring of wizardry (right hand)
 W - a ring of poison resistance
Wands
 b - a wand of mindburst (16)
 l - a wand of paralysis (13)
 w - a wand of acid (11)
 x - a wand of charming (10)
 y - a wand of flame (44)
 X - a wand of digging (13)
 Y - a wand of polymorph (17)
Scrolls
 f - 12 scrolls of identify
 g - a scroll of amnesia
 q - 3 scrolls of teleportation
 r - a scroll of summoning
 E - 5 scrolls of enchant armour
 F - 6 scrolls of fog
 K - a scroll of magic mapping
Potions
 a - a potion of flight
 h - 9 potions of curing
 j - 3 potions of heal wounds
 m - 3 potions of might
 p - 2 potions of haste
 z - 3 potions of brilliance
 A - 7 potions of resistance
 G - 2 potions of cancellation
 P - 2 potions of ambrosia
 R - 2 potions of berserk rage
 S - a potion of invisibility
Miscellaneous
 N - a condenser vane


   Skills:
 - Level 5.0 Fighting
 - Level 10.9 Maces & Flails
 - Level 2.0 Throwing
 - Level 5.0 Dodging
 - Level 2.0 Stealth
 - Level 10.1 Spellcasting
 - Level 12.7 Conjurations
 - Level 10.4 Summonings
 + Level 18.5 Ice Magic
 - Level 9.7 Earth Magic


You had 2 spell levels left.
You knew the following spells:

 Your Spells              Type           Power      Damage    Failure   Level
a - Magic Dart            Conj           100%       1d8       1%          1
b - Frozen Ramparts       Ice            100%       1d12      1%          3
c - Hailstorm             Conj/Ice       89%        3d18      1%          4
d - Iron Shot             Conj/Erth      29%        9d6       3%          6
e - Freeze                Ice            100%       1d11      1%          1
f - Ozocubu's Refrigerat  Ice            48%        4d14      1%          7
g - Spellforged Servitor  Conj/Summ      29%        N/A       13%         7
h - Summon Ice Beast      Ice/Summ       85%        N/A       1%          4

Your spell library contained the following spells:

 Spells                   Type           Power      Damage    Failure   Level
 Freezing Cloud           Conj/Ice/Air   36%        6-21      1%          5
 Shock                    Conj/Air       100%       1d9       1%          1
 Call Imp                 Summ           55%        N/A       1%          2
 Static Discharge         Conj/Air       39%        N/A       1%          2
 Mephitic Cloud           Conj/Pois/Air  30%        N/A       1%          3
 Ozocubu's Armour         Ice            96%        N/A       1%          3
 Iskenderun's Battlesphe  Conj           62%        2d11      1%          5
 Fireball                 Conj/Fire      19%        3d9       4%          5
 Lightning Bolt           Conj/Air       19%        1d34      4%          5
 Metabolic Englaciation   Hex/Ice        34%        N/A       6%          5
 Orb of Destruction       Conj           31%        9d12      9%          7
 Conjure Ball Lightning   Conj/Air       19%        3x3d6     19%         6
 Summon Forest            Summ/Tloc      17%        N/A       22%         5
 Simulacrum               Ice/Necr       34%        N/A       24%         6
 Summon Hydra             Summ           27%        N/A       54%         7
 Eringya's Noxious Bog    Tmut/Pois      5%         N/A       83%         6
 Malign Gateway           Summ/Tloc      17%        N/A       99%         7
 Summon Horrible Things   Summ           27%        N/A       99%         8
 Maxwell's Capacitive Co  Air            5%         ∞         100%        8


Dungeon Overview and Level Annotations

Branches:
Dungeon (14/15)            Temple (0/1) D:5            Lair (6/6) D:10
 Shoals (4/4) Lair:3        Snake (0/4) Lair:2        Slime (0/5) Lair:5
    Orc (2/2) D:12            Elf (0/3) Orc:2        Vaults (0/5) D:13
Ossuary (visited)

Altars:
Ashenzari
Cheibriados
Dithmenos
Fedhas
Hepliaklqana
Kikubaaqudgha
Makhleb
Trog
Uskayaw
Vehumet
Wu Jian
Xom
Yredelemnul

Shops:
D:5 *   Orc:2 [*(=   Shoals:1 !

Annotations:
D:3 2 transporters, hehateme's ghost, amateur KoGl
D:4 1 runed translucent door, DocClef's ghost, weakling GnDe
D:7 4 runed translucent doors, Crazy Yiuf; TheBeaver's ghost, novice DrMo
D:11 3 runed translucent doors, Touzxeix's ghost, journeyman DEWz
Lair:1 2 transporters
Lair:5 2 transporters, exclusion: 3 oklob plants
Shoals:1 Jorgrun
Shoals:3 Ilsuiw


Innate Abilities, Weirdness & Mutations

You can breathe waves of freezing cold which knock back foes.
Your icy white scales are hard. (AC +9)
You cannot fit into any form of body armour.
Your flesh is cold resistant. (rC+)
You are cold-blooded and may be slowed by cold attacks.
You have a pair of small antennae on your head.
You passively map a small area around you.
Your spells are harder to cast, but more powerful.


Message History

Aiming: Iron Shot (dangerous; 3% risk of failure)
Press: ? - help, Shift-Dir - straight line, f/p - merfolk javelineer
Aim: a merfolk javelineer, wielding a +3 spear of freezing, wearing a +0 leather armour and quivering silver javelins (ally target, 57% to hit)
The iron shot misses the merfolk javelineer.
The merfolk javelineer throws a silver javelin.
The silver javelin pierces through you! The silver sears you!
A silver javelin appears from out of your range of vision.
The silver javelin completely misses your spellforged servitor.
Casting: Iron Shot (dangerous; 3% risk of failure)
Confirm with . or Enter, or press ? or * to list all spells.
Aiming: Iron Shot (dangerous; 3% risk of failure)
Press: ? - help, Shift-Dir - straight line, p - merfolk javelineer You miscast Iron Shot.
You are very lightly contaminated with residual magic.
Nothing appears to happen.
The merfolk aquamancer hits your spellforged servitor with a +0 rapier of speed.
A silver javelin appears from out of your range of vision.
The silver javelin pierces through your spellforged servitor!
Casting: Iron Shot (dangerous; 3% risk of failure)
Confirm with . or Enter, or press ? or * to list all spells.
Aiming: Iron Shot (dangerous; 3% risk of failure)
Press: ? - help, Shift-Dir - straight line The iron shot hits the alligator snapping turtle!!
The alligator snapping turtle is lightly wounded.
The merfolk aquamancer gestures at your spellforged servitor while chanting.
The ball of steam hits your spellforged servitor.
Your spellforged servitor resists.
A silver javelin appears from out of your range of vision.
The silver javelin pierces through your spellforged servitor!!
As you read the scroll of teleportation, it crumbles to dust.
You feel strangely unstable.
The merfolk aquamancer hits your spellforged servitor with a +0 rapier of speed!
Your spellforged servitor is destroyed!
The alligator snapping turtle bites you from afar!!
* * * LOW HITPOINT WARNING * * *
The merfolk javelineer throws a silver javelin.
The silver javelin pierces through you!!
* * * LOW HITPOINT WARNING * * *
The silver sears you!
You die...

≈,k,##....÷≈≈≈≈....≈≈###.#...###≈
.#k##....≈≈≈≈≈≈...§.§##.=÷≈..†#≈≈
Hmm.t...........#.§§§.#..#....##≈
m#.m##.<..........§§§..#######≈≈.
k.m,#............§...#..≈#≈##≈≈..
m#,,#≈..........§.........≈≈≈≈...
***#...........§.§...........≈...
≈*≈#..........m..................
,,............t.@................
,,............m..................
,.................)..............
,,,,.........≈.≈≈###..^..........
,,,,,,,,,...$#####*#.............
,,,,,,,,,..##*,*,#..##...........
≈,,,,≈,,,.,**,,.≈...#≈...........
,,≈,,≈,≈,≈,**≈.#.#..##≈≈.........
,≈,,*,≈≈≈≈,≈**≈.,.≈.##...........


You could see an alligator snapping turtle, a merfolk javelineer and a merfolk
aquamancer (unaware).

Vanquished Creatures
  Gastronok (D:8)
  Kirke (Lair:6)
  An orc warlord (Orc:2)
  2 ettins (Orc:2)
  Snorg (Lair:6)
  4 merfolk impalers
  Harold (D:7)
  12 hydras
  Fannar (D:11)
  A boulder beetle (D:13)
  2 catoblepae (Lair:6)
  A vault guard (D:13)
  A merfolk avatar (Shoals:3)
  2 centaur warriors
  5 merfolk aquamancers (Shoals:4)
  A death knight (D:11)
  2 satyrs
  4 orc high priests (Orc:2)
  A deep troll shaman (Lair:6)
  13 death yaks
  A tengu warrior (D:13)
  Sonja (Orc:2)
  4 skeletal warriors (D:13)
  2 fire crabs
  An iron troll (D:13)
  5 sea snakes
  A lindwurm (D:13)
  3 orc sorcerers (Orc:2)
  4 orc knights
  12 fauns
  9 manticores
  An ugly thing (D:13)
  7 merfolk sirens
  A nameless horror (D:13)
  7 elephants
  3 water nymphs
  8 black mambas
  2 centaur zombies (D:10)
  2 gargoyles (D:12)
  18 cane toads
  A torpor snail (Lair:2)
  13 komodo dragons
  2 efreet (D:13)
  2 kobold demonologists
  4 rime drakes
  An unseen horror (D:12)
  18 merfolk
  2 trolls (D:12)
  A polar bear (Lair:6)
  Grinder (D:5)
  A hornet (D:7)
  19 blink frogs
  4 snapping turtles
  Prince Ribbit (D:6)
  6 wind drakes
  12 dream sheep
  4 water elementals
  2 wraiths
  A vampire (D:10)
  5 wyverns
  8 basilisks
  75 yaks
  5 hogs (Lair:6)
  2 vampire mosquitoes
  A warg (Orc:1)
  Duvessa (D:7)
  3 acid dragons
  22 water moccasins
  A swamp drake (D:10)
  38 orc warriors
  2 sky beasts
  5 black bears
  A necrophage (D:5)
  A hornet zombie (D:9)
  9 wolves
  14 ogres
  11 centaurs
  2 phantoms
  4 kobold brigands
  9 bullfrogs
  2 scorpions
  A wyvern skeleton (D:6)
  5 gnoll sergeants
  Dowan (D:7)
  11 killer bees
  2 water moccasin skeletons
  8 howler monkeys
  A vampire bat (D:6)
  2 electric eels (D:10)
  2 bullfrog zombies (D:6)
  A human zombie (Ossuary)
  5 gnoll shamans
  A jelly (D:6)
  3 hounds
  11 orc priests
  2 iguanas
  11 hell rats
  25 orc wizards
  Ijyb (D:3)
  5 mummies (Ossuary)
  Robin (D:4)
  31 gnolls
  12 adders
  A white imp (D:7)
  2 ufetubi
  6 worms
  72 orcs
  3 ball pythons
  5 bat skeletons (D:6)
  A bat zombie (D:6)
  A ghost (D:3)
  6 giant cockroaches
  14 goblins
  11 hobgoblins
  3 jackals (D:5)
  14 kobolds
  2 quokkas
  5 bats
  A frilled lizard (D:1)
  3 gnoll zombies (Ossuary)
  A hobgoblin zombie (Ossuary)
  3 kobold zombies (Ossuary)
  A quokka zombie (D:3)
  5 rats
  3 butterflies (Lair:2)
770 creatures vanquished.

Vanquished Creatures (collateral kills)
  An alligator snapping turtle (Shoals:4)
  A two-headed ogre (D:13)
  A skeletal warrior (D:13)
  A gargoyle (D:13)
  A polar bear (Lair:2)
  A water elemental (Shoals:4)
  A jelly (D:6)
  An orc (Orc:2)
8 creatures vanquished.

Vanquished Creatures (others)
  A basilisk (Lair:5)
  A dart slug (D:1)
  A hobgoblin (D:1)
  3 bushes (Lair:6)
  68 fungi
  124 plants
198 creatures vanquished.

Grand Total: 976 creatures vanquished

Notes
Turn   | Place    | Note
-------+----------+-------------------------------------------
     0 | D:1      | jisko22 the Draconian Ice Elementalist began the quest for
                  | the Orb.
     0 | D:1      | Reached XP level 1. HP: 14/14 MP: 3/3
   581 | D:1      | Reached XP level 2. HP: 22/22 MP: 5/5
  1112 | D:2      | Reached skill level 1 in Maces & Flails
  1422 | D:2      | Reached XP level 3. HP: 26/27 MP: 1/6
  1537 | D:2      | Learned a level 3 spell: Frozen Ramparts
  1827 | D:2      | Reached XP level 4. HP: 34/34 MP: 5/7
  2692 | D:3      | Noticed hehateme's ghost (amateur KoGl)
  2697 | D:3      | Upgraded the game from 0.27-a0-101-g3cb999cee2 to
                  | 0.27-a0-1191-g601b473118
  2708 | D:3      | Reached skill level 5 in Ice Magic
  2852 | D:3      | Upgraded the game from 0.27-a0-1191-g601b473118 to
                  | 0.28-a0-80-g9707f7362f
  3009 | D:3      | Reached XP level 5. HP: 36/39 MP: 4/8
  3030 | D:3      | Found a broken altar of Ashenzari.
  3032 | D:3      | Found a snail-covered altar of Cheibriados.
  3032 | D:3      | Found a shimmering altar of Xom.
  3032 | D:3      | Found a hazy altar of Hepliaklqana.
  3127 | D:3      | Found a transporter.
  3131 | D:3      | Found a transporter.
  3223 | D:3      | Noticed Ijyb
  3234 | D:3      | Killed Ijyb
  3235 | D:3      | Reached skill level 1 in Throwing
  3465 | D:3      | Found a faded altar of an unknown god.
  3674 | D:4      | Found an ornate altar of the Wu Jian Council.
  3689 | D:4      | Noticed a black bear
  3696 | D:4      | Killed a black bear
  3697 | D:4      | Reached skill level 1 in Fighting
  3697 | D:4      | Reached XP level 6. HP: 39/47 MP: 2/9
  3702 | D:4      | Learned a level 4 spell: Summon Ice Beast
  3766 | D:4      | Found a basalt altar of Yredelemnul.
  4111 | D:4      | Reached skill level 1 in Summonings
  4361 | D:4      | Identified the +7 mace "Zekamp" {spect, rCorr Str-2 Int-3
                  | SInv}
  4502 | D:4      | Found a runed translucent door.
  4602 | D:4      | Noticed DocClef's ghost (weakling GnDe)
  4954 | D:4      | Reached skill level 6 in Ice Magic
  5018 | D:4      | Noticed Robin
  5037 | D:4      | Killed Robin
  5417 | D:5      | Entered Level 5 of the Dungeon
  5417 | D:5      | Found Lookk's Assorted Antiques.
  5434 | D:5      | Your scales start taking on an icy white colour.
  5434 | D:5      | Reached skill level 7 in Ice Magic
  5434 | D:5      | Reached XP level 7. HP: 51/52 MP: 10/10
  5434 | D:5      | Gained mutation: Your flesh is cold resistant. (rC+) [White
                  | Draconian growth]
  5515 | D:5      | Bought a scroll of identify for 44 gold pieces
  5515 | D:5      | Bought a scroll of identify for 44 gold pieces
  5515 | D:5      | Bought a scroll of identify for 44 gold pieces
  5515 | D:5      | Bought a fizzy green potion for 19 gold pieces
  5539 | D:5      | Found a shadowy altar of Dithmenos.
  5577 | D:5      | Found a staircase to the Ecumenical Temple.
  5597 | D:5      | Noticed Grinder
  5614 | D:5      | Reached skill level 8 in Ice Magic
  5616 | D:5      | Paralysed by Grinder for 3 turns
  5631 | D:5      | Killed Grinder
  5698 | D:5      | Identified the +2 pair of boots of Laner {rN+ rCorr MP+9}
  5779 | D:5      | Reached skill level 9 in Ice Magic
  5786 | D:5      | Reached XP level 8. HP: 59/59 MP: 11/11
  6080 | D:6      | Learned a level 4 spell: Hailstorm
  6104 | D:6      | Found an ancient bone altar of Kikubaaqudgha.
  6229 | D:6      | Reached skill level 1 in Conjurations
  6526 | D:6      | Noticed Prince Ribbit
  6548 | D:6      | Killed Prince Ribbit
  6622 | D:6      | Learned a level 1 spell: Magic Dart
  6633 | D:6      | Upgraded the game from 0.28-a0-80-g9707f7362f to
                  | 0.28-a0-94-g325244837d
  6654 | D:6      | Reached XP level 9. HP: 63/67 MP: 15/15
  6849 | D:6      | Found a bloodstained altar of Trog.
  7011 | D:6      | Reached skill level 10 in Ice Magic
  7017 | D:6      | Reached skill level 5 in Conjurations
  7022 | D:6      | Found a radiant altar of Vehumet.
  7027 | D:6      | Became a worshipper of Vehumet
  7499 | D:7      | Found a runed translucent door.
  7500 | D:7      | Noticed Crazy Yiuf
  7548 | D:7      | You fall into a shaft and drop 1 floor!
  7611 | D:8      | Reached skill level 11 in Ice Magic
  7676 | D:7      | Found a sand-covered staircase.
  7683 | Ossuary  | Entered an ossuary
  7949 | D:7      | Found a hide-covered altar of Uskayaw.
  8005 | D:7      | Found a runed translucent gate.
  8005 | D:7      | Found a runed translucent gate.
  8005 | D:7      | Found a runed translucent gate.
  8005 | D:7      | Noticed TheBeaver's ghost (novice DrMo)
  8047 | D:7      | Noticed a kobold demonologist
  8048 | D:7      | Gained mutation: You passively map a small area around you.
                  | [potion of mutation]
  8048 | D:7      | Gained mutation: Your spells are a little harder to cast,
                  | but a little more powerful. [potion of mutation]
  8055 | D:7      | Killed a kobold demonologist
  8163 | D:7      | Noticed Dowan
  8163 | D:7      | Noticed Duvessa
  8164 | D:7      | Noticed Harold
  8200 | D:7      | Killed Dowan
  8227 | D:7      | Reached * piety under Vehumet
  8227 | D:7      | Offered knowledge of Sandblast by Vehumet.
  8245 | D:7      | Killed Duvessa
  8406 | D:7      | Killed Harold
  8407 | D:7      | Reached skill level 12 in Ice Magic
  8407 | D:7      | Reached XP level 10. HP: 61/73 MP: 15/16
  8955 | D:7      | Found a burning altar of Makhleb.
  8982 | D:7      | Paralysed by a hornet for 1 turns
 10050 | D:8      | Noticed Gastronok
 10066 | D:8      | Killed Gastronok
 10067 | D:8      | Reached skill level 13 in Ice Magic
 10171 | D:8      | Reached ** piety under Vehumet
 10171 | D:8      | Offered knowledge of Foxfire by Vehumet.
 10502 | D:8      | Identified the +1 leather armour of the King of the Hill
                  | {rC- Dex+3 Stlth+}
 10698 | D:8      | Reached XP level 11. HP: 41/79 MP: 17/17
 11946 | D:9      | Reached skill level 5 in Spellcasting
 12640 | D:10     | Entered Level 10 of the Dungeon
 12648 | D:10     | Upgraded the game from 0.28-a0-94-g325244837d to
                  | 0.28-a0-97-g102d6777a4
 13190 | D:10     | Reached skill level 5 in Maces & Flails
 13885 | D:10     | Offered knowledge of Inner Flame by Vehumet.
 14136 | D:10     | Reached *** piety under Vehumet
 14299 | D:10     | Found a staircase to the Lair.
 14418 | D:11     | Noticed a death knight
 14491 | Lair:1   | Entered Level 1 of the Lair of Beasts
 14491 | Lair:1   | Found the +8 lance "Wyrmbane" {slay drac, rPois rF+ rC+
                  | AC+3}
 14500 | Lair:1   | Gained mutation: You have a pair of small antennae on your
                  | head. [potion of mutation]
 14500 | Lair:1   | Gained mutation: Your spells are harder to cast, but more
                  | powerful. [potion of mutation]
 14508 | Lair:1   | Learned a level 6 spell: Iron Shot
 14563 | Lair:1   | Offered knowledge of Conjure Flame by Vehumet.
 14727 | Lair:1   | Noticed a five-headed hydra
 14734 | Lair:1   | Killed a five-headed hydra
 14735 | Lair:1   | Reached XP level 12. HP: 93/93 MP: 22/22
 14810 | Lair:1   | Reached skill level 5 in Fighting
 15537 | Lair:1   | Reached **** piety under Vehumet
 15538 | Lair:1   | Reached skill level 5 in Dodging
 15550 | Lair:1   | Offered knowledge of Bolt of Magma by Vehumet.
 15928 | Lair:1   | Found a transporter.
 15930 | Lair:1   | Found a transporter.
 15931 | Lair:1   | Noticed a boulder beetle
 16813 | Lair:2   | Reached skill level 10 in Maces & Flails
 17030 | Lair:2   | Found a staircase to the Snake Pit.
 17050 | Lair:2   | Reached ***** piety under Vehumet
 17050 | Lair:2   | Offered knowledge of Starburst by Vehumet.
 17051 | Lair:2   | Reached XP level 13. HP: 90/100 MP: 25/25
 17500 | Lair:2   | Learned a level 7 spell: Spellforged Servitor
 17645 | Lair:2   | Reached skill level 1 in Earth Magic
 18677 | Lair:3   | Reached skill level 10 in Conjurations
 18695 | Lair:3   | Found a staircase to the Shoals.
 19487 | Lair:4   | Found a blossoming altar of Fedhas.
 20482 | Lair:5   | Reached skill level 5 in Earth Magic
 21046 | Lair:5   | Got the Catalogue of the Toxic Birds
 21239 | Lair:5   | Found a transporter.
 21429 | Lair:5   | Found a transporter.
 22157 | Lair:5   | Found a staircase to the Slime Pits.
 22185 | Lair:6   | Entered Level 6 of the Lair of Beasts
 22185 | Lair:6   | Noticed Snorg
 22190 | Lair:6   | Killed Snorg
 23436 | Lair:6   | Reached skill level 5 in Summonings
 23454 | Lair:6   | Noticed Kirke
 23518 | Lair:6   | Offered knowledge of Ozocubu's Refrigeration by Vehumet.
 23997 | Lair:6   | Reached XP level 14. HP: 107/107 MP: 22/27
 25108 | Lair:6   | Reached skill level 10 in Spellcasting
 25418 | Lair:6   | Learned a level 7 spell: Ozocubu's Refrigeration
 25541 | Lair:6   | Killed Kirke
 27535 | Lair:6   | Identified the +6 halberd "Ylaeddy" {protect, *Corrode
                  | rElec rPois Int+4}
 27897 | D:11     | Noticed Fannar
 27901 | D:11     | Killed Fannar
 28078 | D:11     | Found a runed translucent gate.
 28079 | D:11     | Found a runed translucent gate.
 28081 | D:11     | Found a runed translucent gate.
 28083 | D:11     | Noticed Touzxeix's ghost (journeyman DEWz)
 28862 | D:12     | Offered knowledge of Lee's Rapid Deconstruction by Vehumet.
 29047 | D:12     | Found a staircase to the Orcish Mines.
 29070 | Orc:1    | Entered Level 1 of the Orcish Mines
 29698 | Orc:2    | Entered Level 2 of the Orcish Mines
 29891 | Orc:2    | Reached XP level 15. HP: 113/113 MP: 17/29
 30055 | Orc:2    | Found a staircase to the Elven Halls.
 30097 | Orc:2    | Noticed Sonja
 30100 | Orc:2    | Killed Sonja
 30101 | Orc:2    | Reached skill level 10 in Summonings
 30904 | Orc:2    | Reached skill level 14 in Ice Magic
 30914 | Orc:2    | Noticed an orc warlord
 31607 | Orc:2    | Killed an orc warlord
 31787 | Orc:2    | Paralysed by an orc sorcerer for 2 turns
 31887 | Orc:2    | Offered knowledge of Yara's Violent Unravelling by Vehumet.
 32021 | Orc:2    | Reached skill level 15 in Ice Magic
 32574 | Orc:2    | Found Luicuim's General Store.
 32574 | Orc:2    | Found Atseac's Jewellery Shop.
 32576 | Orc:2    | Found Wogoroil's Antique Armour Boutique.
 32576 | Orc:2    | Found Wewuywki's Antique Weapon Boutique.
 32592 | Orc:2    | Bought a wand of paralysis (13) for 240 gold pieces
 34276 | D:13     | Reached skill level 16 in Ice Magic
 35817 | D:13     | Found a gate to the Vaults.
 36258 | Shoals:1 | Entered Level 1 of the Shoals
 36455 | Shoals:1 | Offered knowledge of Irradiate by Vehumet.
 36817 | Shoals:1 | Noticed Jorgrun
 36837 | Shoals:1 | Found Jyeleg's Distillery.
 36916 | Shoals:1 | Bought 2 potions of heal wounds for 150 gold pieces
 36916 | Shoals:1 | Bought 2 potions of resistance for 300 gold pieces
 36916 | Shoals:1 | Bought a potion of haste for 150 gold pieces
 37674 | Shoals:3 | Noticed Ilsuiw
 37688 | Shoals:3 | Reached skill level 17 in Ice Magic
 37688 | Shoals:3 | Reached XP level 16. HP: 76/119 MP: 25/30
 38031 | Shoals:4 | Entered Level 4 of the Shoals
 38402 | Shoals:4 | Offered knowledge of Freezing Cloud by Vehumet.
 38672 | Shoals:3 | Reached skill level 18 in Ice Magic
 39156 | Shoals:4 | Identified the +1 robe "Hupeph" {Str+2}
 39903 | Shoals:4 | HP: 2/119 [merfolk javelineer/silver javelin (24)]
 39903 | Shoals:4 | Hit by a silver javelin thrown by a merfolk javelineer

Illustrated notes

Levels and vault maps discovered:
D:1:      amcnicky_arrival_gap_in_the_tavern_cellar, layout_basic,
          lemuel_flame_loot_1
D:2:      layout_basic
D:3:      layout_loops_ring, grunt_temple_overflow_open, gammafunk_ghost_arena,
          chequers_ecumenical_altar_simple_redux, uniq_ijyb
D:4:      layout_loops_corners, nicolae_wu_jian_wuxing_cycle,
          mainiacjoe_overflow_catwalk, ebering_ghost_sewer_d,
          chequers_serial_rivers_large_b, uniq_robin
D:5:      layout_cave_pools, nicolae_dithmenos_shadow_blocks,
          minmay_temple_entry_junction_2, serial_shops, shop, uniq_grinder
D:6:      hangedman_cross_stitches, layout_loops_cross,
          mainiacjoe_overflow_chevrons, kennysheep_vampire_church,
          vehumet_crystals, uniq_prince_ribbit1
D:7:      kennysheep_seaside_town, layout_basic,
          mainiacjoe_overflow_surrounded_room, mainiacjoe_overflow_alcove_1,
          chequers_ossuary_entry_cave, gammafunk_ghost_necromancy,
          chequers_serial_rivers_micro_a, minmay_stone_trees_medium,
          kb_lookout_dungeons_type, minmay_misc_feat_more_columns,
          uniq_crazy_yiuf_cottage, uniq_harold, uniq_duvessa
D:8:      layout_basic, minmay_misc_feat_enclosed, interstate_on_off,
          uniq_gastronok
D:9:      layout_roguey, minivault_1, chequers_serial_rivers_room_b
D:10:     layout_roguey, erik_lair_dragon, serial_bayou, serial_bayou_crossing,
          serial_bayou_lagoon_a, serial_bayou_pond_c, serial_bayou_pond_e
D:11:     layout_rooms, gammafunk_ghost_hydra_chop, uniq_fannar
D:12:     layout_loops_ring, kennysheep_orc_monster_closet_entryway,
          lemuel_nasty_fountain
D:13:     minmay_distorted_concentric_squares, layout_layer_cave,
          david_vaults_4, evilmike_butchery
D:14:     layout_basic, yredelemnul_altar_generic
Lair:1:   gammafunk_boulding_lane, layout_regular_city, beast_lair_carwin_11
Lair:2:   layout_misc_corridors, minmay_snake_entry_six_corridors,
          beast_lair_carwin_10, lemuel_fruit_fields, lemuel_fruit_fields,
          infiniplex_staircase_pool
Lair:3:   layout_regular_city, shoals_dummy_entry
Lair:4:   layout_roguey, basic_altar, cheibrodos_lair_caveside_slide,
          st_stairs_12
Lair:5:   gammafunk_cloud_chamber, layout_big_grid,
          minmay_slime_entry_oklob_open, infiniplex_staircase_pool_2
Lair:6:   grunt_lair_end_beastmaster, layout_regular_city, uniq_snorg,
          uniq_kirke
Shoals:1: layout_shoals, serial_shops, nicolae_shop_statue_plus, centaur_isle,
          uniq_jorgrun
Shoals:2: layout_shoals, argonaut_gorgonesque
Shoals:3: layout_shoals, uniq_ilsuiw
Shoals:4: shoals_end_grunt_ice, layout_shoals, nicolae_shoals_water_shrine,
          uniq_louise, uniq_aizul
Orc:1:    layout_diamond_mine
Orc:2:    st_orc_congregation, layout_diamond_mine, uniq_sonja

Skill      XL: |  1  2  3  4  5  6  7  8  9 10 11 12 13 14 15 16 |
---------------+-------------------------------------------------+-----
Maces & Flails | 1 2 3 6 10 | 10.9
Ice Magic      | 5 7 9 12 13 17 18 | 18.5
Dodging        | 2 4 5 |  5.0
Stealth        | 2 |  2.0
Throwing       | 2 |  2.0
Fighting       | 1 2 4 5 |  5.0
Summonings     | 2 3 4 5 9 10 | 10.4
Spellcasting   | 4 7 8 9 10 | 10.1
Conjurations   | 4 8 9 11 12 | 12.7
Earth Magic    | 8 9 |  9.7

Action                   |  1- 3 |  4- 6 |  7- 9 | 10-12 | 13-15 | 16-18 || total
-------------------------+-------+-------+-------+-------+-------+-------++-------
Melee: Club              |     4 |    20 |       |       |       |       ||    24
       Hand axe          |    15 |       |       |       |       |       ||    15
       Tailslap          |     3 |     6 |    13 |    32 |    19 |     3 ||    76
       Short sword       |     2 |       |       |       |       |       ||     2
       Mace              |       |    52 |   117 |   201 |   157 |     6 ||   533
Throw: Stone             |    11 |       |       |       |       |       ||    11
       Dart              |     1 |    40 |    39 |    28 |    11 |     5 ||   124
 Cast: Freeze            |    26 |    26 |       |       |       |       ||    52
       Frozen Ramparts   |     2 |    11 |    25 |    37 |    20 |       ||    95
       Magic Dart        |       |       |    24 |   130 |   258 |    19 ||   431
       Summon Ice Beast  |       |       |     3 |     4 |       |       ||     7
       Hailstorm         |       |       |     8 |    51 |    28 |       ||    87
       Iron Shot         |       |       |       |       |   303 |    41 ||   344
       Ozocubu's Refrige |       |       |       |       |    92 |    28 ||   120
       Spellforged Servi |       |       |       |       |     6 |     2 ||     8
 Abil: Breathe Frost     |       |       |     6 |    13 |    10 |       ||    29
Evoke: Wand              |       |       |     2 |     2 |     5 |     3 ||    12
  Use: Scroll            |       |     6 |     8 |    12 |    13 |     5 ||    44
       Potion            |       |       |     1 |     6 |     4 |       ||    11
 Stab: Sleeping          |     1 |     1 |     4 |       |       |       ||     6
       Distracted        |       |       |       |     4 |     2 |       ||     6
Armor: Skin              |    13 |    24 |    43 |    74 |    91 |     3 ||   248
Dodge: Dodged            |    31 |    59 |    82 |   128 |   147 |    14 ||   461

Table legend: (Time is in decaauts)
 A = Elapsed time spent in this place.
 B = Non-inter-level travel time spent in this place.
 C = Inter-level travel time spent in this place.
 D = Time resting spent in this place.
 E = Time spent auto-exploring this place.
 F = Levels seen in this place.
 G = Mean time per level.
                   A        B        C        D        E       F      G
               +--------+--------+--------+--------+--------+-----+--------+
         Total |  40156 |  38847 |   1309 |  18242 |  13816 |  27 | 1487.3 |
       Dungeon |  19192 |  18478 |    714 |   6492 |   8986 |  14 | 1370.9 |
          Lair |  13370 |  12820 |    550 |   7220 |   3605 |   6 | 2228.3 |
        Shoals |   3696 |   3696 |      0 |   2453 |    119 |   4 |  924.0 |
  Orcish Mines |   3698 |   3654 |     44 |   2076 |   1081 |   2 | 1849.0 |
       Ossuary |    198 |    198 |      0 |      0 |     24 |   1 |  198.0 |
               +--------+--------+--------+--------+--------+-----+--------+

Top non-repeatable levels by time:
  Lair:5: 3381 daAuts
  Lair:6: 3287 daAuts
   Orc:2: 2734 daAuts
    D:13: 2431 daAuts
  Lair:2: 2320 daAuts
     D:7: 2307 daAuts
    D:10: 2062 daAuts
     D:8: 2002 daAuts
     D:4: 1846 daAuts
  Lair:1: 1773 daAuts
  Lair:4: 1739 daAuts
     D:2: 1482 daAuts
Shoals:3: 1346 daAuts
    D:12: 1205 daAuts
     D:6: 1169 daAuts
